Map: 宿怨战场-天梯版

Players

Sioras - Winner!

  • Race: Zerg Zerg

Drager

  • Race: Protoss Protoss
  • League: Diamond

Event: WESG 2018 Grand Finals

VOD

Have the link to the VOD?

Description

Time

  • Played on: March 11, 2019, 7:26 a.m.
  • Length: 13:17

All games in this series

Show
View Real Time Build Order
Export as new Build Order

Sioras Zerg - Winner!

Build Orders: Hatch First, Roach Hydra 

Get SALT Encoding   

  12  0:00  Drone  
  13  0:09  Drone  
  13  0:14  Extractor  
  13  0:15  Drone  
  15  0:21  Overlord  
  15  0:44  Hatchery  
  15  0:47  Drone  
  15  0:51  Drone  
  15  0:55  Drone  
  17  1:09  Spawning Pool  
  16  1:12  Drone  
  16  1:14  Extractor  
  16  1:17  Drone  
  17  1:21  Drone  
  18  1:31  Drone  
  19  1:43  Drone  
  20  1:52  Overlord  
  20  1:56  Queen, Drone  
  20  1:57  Queen  
  25  2:03  Zergling x2  
  25  2:07  Zergling x2  
  27  2:14  Drone  
  28  2:17  Drone  
  29  2:24  Drone  
  29  2:27  Metabolic Boost  
  30  2:35  Hatchery  
  29  2:37  Drone  
  29  2:39  Drone  
  29  2:43  Drone  
  32  2:47  Overlord  
  32  2:52  Drone  
  33  3:02  Drone x2  
  35  3:06  Drone x3  
  35  3:07  Queen  
  40  3:13  Zergling x2  
  40  3:14  Zergling x2  
  42  3:21  Overlord  
  42  3:24  Drone  
  43  3:28  Spore Crawler  
  42  3:34  Drone x2  
  42  3:35  Spore Crawler  
  42  3:38  Overlord  
  44  3:41  Drone x2  
  44  3:45  Queen  
  44  3:47  Drone  
  44  3:48  Drone  
  49  3:49  Drone  
  49  3:54  Overlord  
  50  3:56  Queen  
  50  3:58  Drone  
  50  4:02  Overlord  
  53  4:06  Drone  
  54  4:12  Drone x2  
  54  4:16  Spore Crawler  
  55  4:22  Drone x3  
  58  4:27  Overlord  
  58  4:28  Drone x2  
  59  4:37  Drone  
  59  4:38  Drone  
  61  4:42  Drone  
  61  4:43  Roach Warren, Extractor  
  61  4:44  Drone x3, Extractor  
  62  4:50  Overlord x2  
  62  4:53  Lair  
  61  5:20  Extractor  
  60  5:24  Roach x10  
  60  5:27  Roach  
  60  5:28  Roach  
  81  5:29  Zergling x2  
  81  5:32  Drone x3  
  85  5:44  Roach x4, Evolution Chamber  
  85  5:45  Overlord x2  
  85  5:47  Overlord x2  
  92  5:54  Overlord  
  90  5:58  Drone  
  90  5:59  Spore Crawler, Drone x6  
  90  6:00  Spore Crawler  
  90  6:02  Spore Crawler  
  90  6:03  Drone  
  94  6:05  Queen  
  94  6:09  Zerg Missile Weapons Level 1  
  94  6:10  Drone x2  
  96  6:15  Hydralisk Den  
  96  6:16  Drone  
  96  6:17  Drone x3, Extractor  
  92  6:19  Extractor  
  92  6:23  Drone x4  
  93  6:26  Overlord  
  93  6:28  Drone  
  93  6:29  Drone  
  93  6:30  Drone  
  93  6:31  Drone  
  92  6:39  Drone x3  
  95  6:45  Grooved Spines  
  95  6:46  Drone  
  95  6:47  Drone  
  96  6:52  Drone  
  97  6:54  Drone  
  97  6:57  Drone  
  97  6:58  Drone x2  
  97  7:01  Baneling Nest  
  100  7:02  Drone x2  
  102  7:08  Drone x2  
  102  7:09  Drone  
  102  7:10  Drone  
  102  7:11  Hatchery  
  102  7:14  Hydralisk  
  102  7:15  Hydralisk  
  103  7:17  Hydralisk x2  
  106  7:28  Hydralisk  
  106  7:29  Hydralisk x3  
  114  7:32  Glial Reconstitution  
  114  7:34  Drone x3  
  117  7:43  Overlord, Hydralisk x3  
  121  7:49  Hydralisk x2  
  125  7:57  Muscular Augments, Centrifical Hooks  
  125  7:58  Hydralisk  
  125  7:59  Hydralisk  
  125  8:05  Drone x2  
  131  8:07  Hydralisk x2  
  131  8:11  Overseer  
  135  8:14  Zerg Missile Weapons Level 2  
  135  8:18  Overlord x3  
  135  8:20  Drone  
  135  8:26  Hydralisk x2  
  140  8:34  Spore Crawler  
  140  8:36  Drone x3  
  140  8:38  Zergling x12  
  140  8:39  Zergling x2  
  144  8:42  Drone x3  
  144  8:45  Hydralisk  
  144  8:46  Hydralisk  
  151  8:54  Hydralisk x3  
  154  8:57  Drone x3  
  154  9:01  Drone  
  154  9:02  Drone x2  
  158  9:10  Hydralisk x4  
  158  9:11  Hydralisk  
  168  9:17  Overlord x2  
  168  9:18  Zergling x4  
  168  9:19  Zergling x2  
  168  9:23  Zergling x4  
  168  9:24  Zergling x6  
  176  9:31  Baneling x3  
  174  9:32  Baneling  
  174  9:33  Baneling x2  
  174  9:38  Overseer  
  174  9:41  Baneling x5  
  174  9:42  Zergling x16, Baneling x3  
  182  9:51  Baneling x2  
  182  9:52  Zergling x20, Baneling x3  
  186  10:01  Zergling x2  
  186  10:02  Zergling x8  
  188  10:07  Baneling  
  188  10:08  Baneling x3  
  188  10:14  Hydralisk x2  
  188  10:15  Zergling x4  
  188  10:17  Baneling x18  
  186  10:24  Zergling x2  
  186  10:27  Baneling x7  
  187  10:29  Zergling x10  
  192  10:38  Baneling  
  192  10:39  Baneling x5  
  166  10:43  Zergling x20  
  166  10:50  Zergling x2  
  166  10:52  Zerg Melee Weapons Level 1  
  166  10:54  Zergling x6  
  160  11:01  Hydralisk  
  151  11:06  Hydralisk  
  151  11:07  Hydralisk x2  
  137  11:11  Hydralisk  
  134  11:19  Zergling x6  
  134  11:22  Baneling x4  
  134  11:23  Zergling x2, Baneling x22  
  138  11:28  Zergling x6  
  138  11:29  Hatchery  
  138  11:32  Zergling x2  
  137  11:35  Overlord, Zergling x4  
  140  11:40  Zergling x2  
  138  11:49  Zergling x20  
  138  11:50  Zergling x6  
  138  11:51  Overseer  
  151  12:00  Zergling x2  
  151  12:01  Zergling x6  
  155  12:12  Zergling x2  
  155  12:13  Zergling x6  
  155  12:15  Baneling x6  
  159  12:16  Baneling x7  
  159  12:17  Zergling x2  
  159  12:18  Zergling x16  
  168  12:23  Zergling x6  
  168  12:25  Baneling x13  
  168  12:26  Zergling x2  
  169  12:35  Hydralisk x3  
  169  12:36  Zergling x2  
  172  12:38  Baneling x12  
  172  12:43  Zergling x6  
  172  12:45  Overlord  
  172  12:47  Baneling x7  
  172  12:50  Zergling x8  
  177  12:51  Zergling x2  
  177  12:54  Baneling x2  
  177  12:59  Zergling x10  
  177  13:01  Baneling  
  177  13:02  Baneling  
Show
View Real Time Build Order
Export as new Build Order

Drager Protoss 

Build Orders: 1 Gate Expand, Oracle Opening, Phoenix Opening, Mass Phoenix 

Get SALT Encoding   

  12  0:01  Probe  
  13  0:13  Probe  
  14  0:18  Pylon  
  14  0:24  Probe  
  15  0:32  Probe  
  15  0:39  Gateway  
  15  0:40  Probe  
  16  0:48  Assimilator  
  17  0:51  Probe  
  18  1:03  Probe  
  19  1:15  Probe  
  20  1:25  Nexus  
  20  1:35  Cybernetics Core  
  20  1:38  Probe  
  21  1:44  Assimilator  
  21  1:50  Probe  
  21  1:53  Pylon  
  22  2:02  Adept, Probe  
  23  2:14  Probe  
  26  2:22  Stargate  
  26  2:26  Probe  
  27  2:32  Warp Gate  
  27  2:34  Probe x2  
  27  2:36  Adept  
  29  2:42  Probe x2  
  33  2:52  Probe x2  
  33  2:57  Phoenix  
  35  3:04  Probe x2  
  37  3:06  Adept  
  37  3:09  Pylon  
  41  3:16  Probe  
  41  3:17  Probe  
  43  3:22  Oracle  
  43  3:28  Probe  
  43  3:29  Probe  
  43  3:33  Assimilator  
  48  3:34  Assimilator  
  48  3:40  Probe  
  48  3:41  Probe  
  50  3:43  Gateway  
  50  3:45  Pylon  
  50  3:52  Probe  
  50  3:53  Probe  
  50  3:54  Phoenix  
  52  3:59  Pylon  
  54  4:04  Probe  
  54  4:05  Probe  
  54  4:07  Stargate  
  56  4:16  Probe  
  57  4:17  Probe  
  57  4:21  Pylon  
  58  4:26  Phoenix  
  58  4:30  Probe  
  59  4:38  Adept x2  
  65  4:47  Phoenix  
  65  4:49  Phoenix  
  65  4:51  Nexus  
  67  4:54  Pylon  
  69  5:09  Probe x2, Phoenix  
  73  5:14  Phoenix  
  74  5:33  Robotics Facility  
  74  5:34  Robotics Facility, Phoenix  
  76  5:36  Probe x2  
  76  5:39  Phoenix  
  80  5:48  Probe x2  
  82  5:50  Forge  
  82  5:52  Twilight Council  
  82  6:00  Probe x2  
  84  6:09  Adept x2  
  84  6:10  Probe  
  89  6:11  Immortal  
  89  6:12  Probe x2, Immortal  
  91  6:22  Probe  
  91  6:24  Probe  
  101  6:28  Probe  
  101  6:31  Charge  
  101  6:32  Protoss Ground Weapons Level 1  
  100  6:36  Pylon, Probe, Assimilator  
  100  6:40  Probe, Assimilator  
  100  6:44  Immortal  
  100  6:45  Pylon  
  101  6:48  Pylon  
  101  6:49  Pylon  
  101  6:53  Pylon  
  101  6:54  Probe, Immortal  
  101  6:58  Probe x2  
  108  7:06  Probe  
  113  7:10  Probe x2  
  115  7:18  Probe, Immortal  
  115  7:22  Sentry x2, Probe  
  121  7:25  Immortal  
  121  7:29  Templar Archives  
  125  7:33  Pylon  
  127  7:44  Immortal  
  127  7:50  Probe x2  
  128  7:54  Immortal  
  128  7:57  Pylon  
  131  7:59  Psionic Storm  
  131  8:02  Gateway  
  131  8:04  Gateway  
  135  8:11  Gateway  
  135  8:14  Gateway  
  135  8:16  Gateway  
  135  8:20  Pylon  
  135  8:22  High Templar x2  
  135  8:23  Immortal  
  135  8:25  Pylon  
  143  8:29  Nexus  
  143  8:33  Immortal  
  143  8:45  Probe x2  
  143  8:46  Probe  
  148  8:57  Probe x2  
  148  9:02  High Templar  
  151  9:03  High Templar x2, Observer  
  151  9:06  Pylon  
  151  9:09  Photon Cannon  
  155  9:10  Photon Cannon  
  155  9:11  Photon Cannon, Immortal  
  155  9:12  Photon Cannon  
  155  9:15  Shield Battery  
  155  9:16  Shield Battery  
  155  9:17  High Templar  
  155  9:19  Photon Cannon  
  155  9:20  Immortal  
  155  9:21  Protoss Ground Weapons Level 2  
  165  9:33  Probe x2  
  167  9:38  Assimilator  
  167  9:39  Assimilator  
  167  9:41  Probe  
  168  9:46  Photon Cannon  
  168  9:49  Zealot x3  
  168  9:52  High Templar x2  
  176  9:58  Archon  
  176  10:02  Zealot  
  176  10:06  Zealot  
  175  10:10  Probe  
  175  10:11  Zealot x3  
  175  10:13  Pylon  
  179  10:14  Pylon  
  179  10:15  Warp Prism  
  179  10:19  Probe  
  181  10:22  Zealot  
  181  10:30  Probe x2  
  181  10:31  Probe  
  181  10:34  Probe  
  174  10:42  Probe x2  
  156  10:43  High Templar x2, Probe  
  156  10:44  High Templar  
  156  10:45  Zealot x4  
  143  10:53  Probe  
  93  11:07  Zealot  
  93  11:08  Zealot  
  89  11:11  Zealot x2  
  89  11:13  Probe  
  89  11:15  Probe x2  
  96  11:24  High Templar x3  
  96  11:25  Probe  
  101  11:27  Probe x2  
  101  11:31  Nexus, High Templar  
  105  11:37  High Templar, Probe  
  105  11:39  Probe x2  
  110  11:50  Zealot  
  110  11:52  Warp Prism  
  112  11:56  Zealot x3, Pylon  
  120  12:11  Zealot  
  120  12:15  Zealot  
  124  12:17  Zealot  
  124  12:18  Zealot  
  124  12:20  Observer  
  124  12:22  Observer  
  129  12:27  Zealot  
  132  12:35  Probe  
  132  12:36  Zealot  
  123  12:39  Probe  
  116  12:53  High Templar x2  
  116  12:54  Zealot  
  116  12:57  Archon  
Tags
 
Add a new tag
Caveats
  • Supply blocks, unpowered buildings, or Contaminate may cause inaccurate times.
  • Supply counts are checked every 10 seconds.